 Dungeon Crawl Stone Soup version 0.29.0-3-gbb0933ed62 (webtiles) character file.

Game seed: 4150525654164238624

3033 voltaire321 the Digger (level 9, 0/74 HPs)
             Began as a Demigod Earth Elementalist on Aug 25, 2022.
             Slain by Maggie
             ... wielding the +9 lance "Wyrmbane" {slay drac, rPois rF+ rC+ AC+3}
              (9 damage)
             ... on level 7 of the Dungeon.
             The game lasted 00:20:43 (8157 turns).

voltaire321 the Digger (Demigod Earth Elementalist) Turns: 8157, Time: 00:20:43

Health: 0/74       AC:  5    Str:  9    XL:     9   Next: 30%
Magic:  1/20       EV: 14    Int: 29    God:
Gold:   3037       SH:  0    Dex: 14    Spells: 8/18 levels left

rFire   . . .      SeeInvis .   y - +1 dagger (elec)
rCold   . . .      Faith    .   (no shield)
rNeg    . . .      Spirit   .   a - +0 robe
rPois   .          Reflect  .   (no helmet)
rElec   .          Harm     .   (no cloak)
rCorr   .          Rampage  .   D - +1 pair of gloves
Will    .....                   B - +0 pair of boots
Stlth   ++........              (no amulet)
HPRegen 0.22/turn               k - ring of wizardry
MPRegen 0.17/turn               h - ring of flight

@: flying
A: high MP 1, forlorn, divine attributes
a: no special abilities


You were on level 7 of the Dungeon.
You visited 1 branch of the dungeon, and saw 7 of its levels.

You collected 3037 gold pieces.

Inventory:

Hand Weapons
 p - a +4 dagger
 y - a +1 dagger of electrocution (weapon)
Armour
 a - a +0 robe (worn)
 B - a +0 pair of boots (worn)
 D - a +1 pair of gloves (worn)
Jewellery
 h - a ring of flight (right hand)
 k - a ring of wizardry (left hand)
 o - a ring of ice
Wands
 s - a wand of mindburst (11)
 z - a wand of flame (9)
 A - a wand of light (7)
 G - a wand of roots (7)
Scrolls
 d - a scroll of poison
 g - a scroll of enchant weapon
 l - 5 scrolls of teleportation
 m - 2 scrolls of vulnerability
Potions
 b - 2 potions of magic
 e - 2 potions of might
 i - 3 potions of haste {unknown}
 q - a potion of mutation
 r - a potion of degeneration {unknown}
 v - 2 potions of lignification {unknown}
 x - a potion of attraction {unknown}
 H - 2 potions of resistance {unknown}


   Skills:
 + Level 5.3 Fighting
 + Level 1.6 Armour
 + Level 5.8 Dodging
 - Level 1.7 Stealth
 - Level 5.0 Spellcasting
 + Level 4.9 Conjurations
 - Level 1.0 Transmutations
 + Level 6.1 Earth Magic


You had 8 spell levels left.
You knew the following spells:

 Your Spells              Type           Power      Damage    Failure   Level
a - Sandblast             Erth           86%        2d18      1%          1
b - Passwall              Tmut/Erth      23%        N/A       1%          2
c - Stone Arrow           Conj/Erth      78%        3d11      1%          3
d - Animate Armour        Summ/Erth      50%        N/A       7%          4

Your spell library contained the following spells:

 Spells                   Type           Power      Damage    Failure   Level
 Petrify                  Tmut/Erth      28%        N/A       6%          4
 Airstrike                Air            3%         2d(1-17)  24%         4
 Summon Lightning Spire   Summ/Air       7%         N/A       24%         4
 Lightning Bolt           Conj/Air       10%        1d23      24%         5
 Conjure Ball Lightning   Conj/Air       10%        3x3d6     77%         6
 Discord                  Hex            3%         N/A       100%        8
 Disjunction              Tloc           3%         N/A       100%        8
 Lehudib's Crystal Spear  Conj/Erth      19%        10d6      100%        8


Dungeon Overview and Level Annotations

Branches:
Dungeon (7/15)             Temple (0/1) D:6

Shops:
D:1 (

Annotations:
D:7 Maggie


Innate Abilities, Weirdness & Mutations

You have an increased reservoir of magic. (+10% MP)
You shall have no god before yourself.
Your divine heritage dramatically boosts your attributes as you level up.


Message History

Casting: Stone Arrow (safe; 1% risk of failure)
Confirm with . or Enter, or press ? or * to list all spells.
Aiming: Stone Arrow (safe; 1% risk of failure)
Press: ? - help, Shift-Dir - straight line, f/p - Maggie
Aim: Maggie, wielding the +9 lance "Wyrmbane" {slay drac, rPois rF+ rC+ AC+3}, wearing +0 steam dragon scales and carrying a wand of flame (17) (74% to hit)
The stone arrow misses Maggie.
Maggie points at you and mumbles some strange words.
The bolt of fire misses you.
You feel better.
Maggie zaps a wand.
The puff of flame hits you.
Casting: Stone Arrow (safe; 1% risk of failure)
Confirm with . or Enter, or press ? or * to list all spells.
Aiming: Stone Arrow (safe; 1% risk of failure)
Press: ? - help, Shift-Dir - straight line, f/p - Maggie
Aim: Maggie, wielding the +9 lance "Wyrmbane" {slay drac, rPois rF+ rC+ AC+3}, wearing +0 steam dragon scales and carrying a wand of flame (16) (74% to hit)
The stone arrow hits Maggie!!
Maggie is moderately wounded.
Casting: Stone Arrow (safe; 1% risk of failure)
Confirm with . or Enter, or press ? or * to list all spells.
You don't have enough magic to cast this spell.
Unknown command.
Casting: Stone Arrow (safe; 1% risk of failure)
Confirm with . or Enter, or press ? or * to list all spells.
Aiming: Sandblast (safe; 1% risk of failure)
Press: ? - help, Shift-Dir - straight line, f/p - Maggie
Aim: Maggie, wielding the +9 lance "Wyrmbane" {slay drac, rPois rF+ rC+ AC+3}, wearing +0 steam dragon scales and carrying a wand of flame (16) (moderately wounded, 85% to hit)
The blast of sand hits Maggie!
Maggie is severely wounded.
Maggie barely misses you.
Casting: Sandblast (safe; 1% risk of failure)
Confirm with . or Enter, or press ? or * to list all spells.
Aiming: Sandblast (safe; 1% risk of failure)
Press: ? - help, Shift-Dir - straight line, f/p - Maggie
Aim: Maggie, wielding the +9 lance "Wyrmbane" {slay drac, rPois rF+ rC+ AC+3}, wearing +0 steam dragon scales and carrying a wand of flame (16) (severely wounded, 85% to hit)
The blast of sand hits Maggie.
Maggie is severely wounded.
Maggie casts a spell at you. The bolt of fire hits you!!
* * * LOW HITPOINT WARNING * * *
Maggie hits you from afar with the +9 lance "Wyrmbane" {slay drac, rPois rF+ rC+ AC+3}!
You die...

#.....................
#............).#######
####.........).#
#...........#
###......).>..#
########.............#
.......'[......@.....#
########.............#
#.......@.....#
#.............#
#....).....<..#
#.............#
###.....#######
#)##### #)# #.# #.#


You could see Maggie.

Vanquished Creatures
  Pikel (D:7)
  2 water moccasins (D:6)
  3 sky beasts
  An ice beast (D:6)
  An ogre (D:5)
  A lemure (D:7)
  4 phantoms
  2 necrophages (D:5)
  2 bullfrogs
  A scorpion (D:7)
  5 wights (D:6)
  5 killer bees
  A howler monkey (D:6)
  3 jellies
  2 orc priests (D:5)
  2 hounds
  A gnoll bouda (D:7)
  8 iguanas
  Natasha (twice) (D:4)
  Robin (D:4)
  6 gnolls
  4 adders
  3 shadow imps
  2 white imps
  An ufetubus (D:5)
  2 adder skeletons (D:3)
  An adder zombie (D:3)
  A worm (D:3)
  2 dart slugs (D:3)
  8 orcs
  7 bats
  6 endoplasms
  2 giant cockroaches
  14 goblins
  4 hobgoblins
  2 jackals (D:1)
  7 ball pythons
  A frilled lizard (D:1)
  A giant cockroach zombie (D:3)
  6 kobolds
  A quokka skeleton (D:3)
  2 quokka zombies (D:3)
  6 rats
137 creatures vanquished.

Vanquished Creatures (collateral kills)
  An iguana (D:7)
  An orc (D:7)
2 creatures vanquished.

Grand Total: 139 creatures vanquished

Notes
Turn   | Place    | Note
-------+----------+-------------------------------------------
     0 | D:1      | voltaire321 the Demigod Earth Elementalist began the quest
                  | for the Orb.
     0 | D:1      | Reached XP level 1. HP: 14/14 MP: 5/5
    90 | D:1      | Reached skill level 1 in Transmutations
   237 | D:1      | Found Gege's Weapon Emporium.
   241 | D:1      | Reached XP level 2. HP: 22/22 MP: 5/7
   406 | D:1      | Learned a level 2 spell: Passwall
   906 | D:2      | Reached skill level 3 in Earth Magic
  1528 | D:2      | Reached skill level 1 in Fighting
  1825 | D:3      | Reached XP level 3. HP: 28/28 MP: 6/9
  2131 | D:3      | Identified the +0 spear of the Last Mystics {vorpal,
                  | *Corrode rF+ Str+2}
  2246 | D:3      | Reached XP level 4. HP: 31/35 MP: 3/10
  2389 | D:3      | Learned a level 3 spell: Stone Arrow
  2520 | D:4      | Noticed Natasha
  2529 | D:4      | Killed Natasha
  2839 | D:4      | Noticed a phantom
  2851 | D:4      | Killed a phantom
  2852 | D:4      | Reached skill level 1 in Conjurations
  2852 | D:4      | Reached XP level 5. HP: 28/41 MP: 0/12
  2968 | D:4      | Noticed Robin
  3404 | D:4      | Killed Robin
  3625 | D:4      | Noticed Natasha
  3630 | D:4      | Killed Natasha
  3718 | D:5      | Entered Level 5 of the Dungeon
  3718 | D:5      | Noticed an ogre
  3880 | D:5      | Reached XP level 6. HP: 49/49 MP: 10/13
  4144 | D:5      | Reached skill level 4 in Earth Magic
  4323 | D:5      | Reached XP level 7. HP: 57/57 MP: 2/15
  5687 | D:5      | HP: 2/58 [poisoned by a killer bee]
  6008 | D:5      | Reached XP level 8. HP: 61/66 MP: 6/17
  6179 | D:6      | Reached skill level 5 in Earth Magic
  6258 | D:6      | HP: 3/67 [hound (3)]
  6318 | D:5      | Reached skill level 5 in Dodging
  6884 | D:6      | Found a staircase to the Ecumenical Temple.
  7534 | D:7      | Identified 3 scrolls of acquirement
  7534 | D:7      | Acquired 807 gold pieces
  7535 | D:7      | Acquired 771 gold pieces
  7536 | D:7      | Acquired 1060 gold pieces
  7615 | D:7      | Reached skill level 5 in Spellcasting
  7615 | D:7      | Reached XP level 9. HP: 73/73 MP: 20/20
  7871 | D:7      | Learned a level 4 spell: Animate Armour
  7903 | D:7      | Noticed Pikel
  8055 | D:7      | Reached skill level 5 in Fighting
  8106 | D:7      | Killed Pikel
  8107 | D:7      | Reached skill level 1 in Armour
  8107 | D:7      | Reached skill level 6 in Earth Magic
  8146 | D:7      | Noticed Maggie
  8157 | D:7      | Slain by Maggie

Illustrated notes

Levels and vault maps discovered:
D:1:      matt_arrival_refuge, layout_basic, serial_shops, shop,
          hangedman_abyss_or_decor_lesser_grid, minmay_hedge_maze,
          minmay_misc_feat_hallway
D:2:      layout_loops_ring
D:3:      layout_rooms, nicolae_overflow_hallway_of_the_gods,
          nicolae_ecumenical_oubliette, serial_undead, serial_undead_c,
          serial_undead_d, serial_undead_c, serial_undead_d,
          amcnicky_mini_corridor_feature
D:4:      layout_rooms, old_standard_altar, gammafunk_temple_overflow_wave,
          lemuel_round_altar, uniq_robin, uniq_natasha
D:5:      layout_loops_corners, kennysheep_generic_room_16
D:6:      layout_basic, nicolae_gozag_cash_rules_everything_around_me,
          minmay_temple_entry_junction, serial_park_tiny_2, minmay_circle_x
D:7:      layout_basic, chequers_temple_overflow_statue_of_worship,
          bloody_makhleb, uniq_maggie, uniq_menkaure, uniq_pikel

Skill      XL: |  1  2  3  4  5  6  7  8  9 |
---------------+----------------------------+-----
Transmutations | 1 |  1.0
Dodging        | 2 3 4 5 |  5.8
Spellcasting   | 2 3 4 5 |  5.0
Earth Magic    | 3 4 5 6 |  6.1
Fighting       | 1 2 3 4 5 |  5.3
Conjurations   | 1 2 3 4 |  4.9
Armour         | 1 |  1.6
Stealth        | |  1.7

Action                   |  1- 3 |  4- 6 |  7- 9 || total
-------------------------+-------+-------+-------++-------
Melee: Short sword       |     4 |       |       ||     4
       Dagger            |     2 |    18 |    41 ||    61
       Punch             |       |       |     1 ||     1
 Cast: Sandblast         |    72 |    57 |    76 ||   205
       Stone Arrow       |       |    16 |    47 ||    63
  Use: Scroll            |       |     1 |    12 ||    13
       Potion            |       |       |     3 ||     3
Armor: Robe              |     7 |    10 |    19 ||    36
Dodge: Dodged            |    22 |    43 |    71 ||   136
